 Seeded DCSS version 0.29.1-1-gd02db6906a (webtiles) character file.

Game seed: 12655248579940043471 (custom seed)

100 groovy9 the Chopper (level 4, -8/39 HPs)
             Began as a Hill Orc Fighter on Sept 24, 2022.
             Mangled by a gnoll
             ... wielding a +0 halberd of venom
              (12 damage)
             ... on level 3 of the Dungeon.
             The game lasted 00:04:58 (1983 turns).

groovy9 the Chopper (Hill Orc Fighter)              Turns: 1983, Time: 00:04:59

Health: -8/39      AC:  8    Str: 20      XL:     4   Next: 73%
Magic:  13/13      EV:  9    Int:  3 (6)  God:
Gold:   86         SH:  5    Dex: 18 (20) Spells: 1/3 levels left

rFire   + . .      SeeInvis .   a - +0 war axe
rCold   . . .      Faith    .   c - +0 buckler
rNeg    + . .      Spirit   .   b - +0 scale mail
rPois   .          Reflect  .   f - +0 helmet of the Eternal Fruit {Int-2 Dex+10}
rElec   .          Harm     .   (no cloak)
rCorr   .          Rampage  +   (no gloves)
Will    .....                   (no boots)
Stlth   ..........              l - amulet of Etodel {Rampage rF+ rN+ Regen+}
HPRegen 0.93/turn               o - ring of magical power
MPRegen 0.13/turn               (no ring)

@: lethally poisoned (-8 -> -29), hasted, very quick
A: no striking features
a: no special abilities


You were on level 3 of the Dungeon.
You visited 1 branch of the dungeon, and saw 3 of its levels.

You collected 86 gold pieces.

Inventory:

Hand Weapons
 a - a +0 war axe (weapon)
Missiles
 n - 4 silver javelins (quivered)
Armour
 b - a +0 scale mail (worn)
 c - a +0 buckler (worn)
 f - the +0 helmet of the Eternal Fruit (worn) {Int-2 Dex+10}
   (You acquired it on level 2 of the Dungeon)

   Int:       It affects your intelligence (-2).
   Dex:       It affects your dexterity (+10).
Jewellery
 e - a ring of fire
 l - the amulet of Etodel (around neck) {Rampage rF+ rN+ Regen+}
   (You acquired it on level 2 of the Dungeon)

   [amulet of regeneration]

   rF:        It protects you from fire.
   rN:        It protects you from negative energy.
   Regen:     It increases your rate of health regeneration.
   Rampage:   It bestows one free step when moving towards enemies.
 o - a ring of magical power (left hand)
Potions
 d - a potion of might
 j - a potion of mutation
 k - 3 potions of flight
 p - a potion of cancellation


   Skills:
 - Level 3.6 Fighting
 + Level 6.3 Axes
 - Level 3.2 Armour
 - Level 3.2 Shields


You had one spell level left.
You knew the following spells:

 Your Spells              Type           Power      Damage    Failure   Level
a - Wereblood             Tmut           0%         N/A       98%         2

Your spell library contained the following spells:

 Spells                   Type           Power      Damage    Failure   Level
 Slow                     Hex            0%         N/A       92%         1
 Sublimation of Blood     Necr           0%         N/A       98%         2
 Confusing Touch          Hex            0%         N/A       100%        3
 Vampiric Draining        Necr           0%         2d6       100%        3
 Summon Hydra             Summ           0%         N/A       100%        7


Dungeon Overview and Level Annotations

Branches:
Dungeon (3/15)

Altars:


Message History

The gnoll is moderately wounded.
You feel very sick. You block the gnoll's attack. x2
The gnoll hits you from afar with a +0 halberd of venom!
You are more poisoned.
The gnoll hits you but does no damage.
You hit the gnoll.
The gnoll is severely wounded.
You feel very sick. The gnoll closely misses you. You block the gnoll's attack.
You feel much better.
You feel very sick. You block the gnoll's attack.
The gnoll hits you with a +0 spear of venom.
You are more poisoned.
You hit the gnoll.
You kill the gnoll!
You feel very sick. The gnoll barely misses you.
You feel your strength returning.
You rampage towards the gnoll!
You slash the gnoll!
The gnoll is almost dead.
You feel very sick.
The gnoll hits you with a +0 halberd of venom.
You are more poisoned.
You closely miss the gnoll.
The gnoll is almost dead.
You feel very sick.
The gnoll hits you with a +0 halberd of venom.
You are lethally poisoned!
The gnoll hits you with a +0 halberd of venom.
* * * LOW HITPOINT WARNING * * *
You are more poisoned.
Okay, then.
You aren't carrying any scrolls.
You feel yourself speed up.
* * * LOW HITPOINT WARNING * * *
You feel extremely sick.
The gnoll hits you with a +0 halberd of venom!
You die...

###
#####################.##
#.........gg@).........#
.....###################.##
..# ##### #.# ########...#
#.# .........#<# #.#
########[..# ##### #.#
##.#######...#####>##
#.#..†....#........#
#######.#.#####...#####..##


You could see 2 gnolls.

Vanquished Creatures
  2 gnolls (D:3)
  2 adders
  3 worms (D:2)
  4 ball pythons
  7 endoplasms
  A giant cockroach (D:3)
  4 goblins
  2 hobgoblins
  5 quokkas
  10 bats
  4 frilled lizards (D:2)
  4 kobolds (D:1)
  3 rats
51 creatures vanquished.

Vanquished Creatures (others)
  A demonic plant (D:1)
1 creature vanquished.

Grand Total: 52 creatures vanquished

Notes
Turn   | Place    | Note
-------+----------+-------------------------------------------
     0 | D:1      | groovy9 the Hill Orc Fighter began the quest for the Orb.
     0 | D:1      | Reached XP level 1. HP: 19/19 MP: 1/1
    70 | D:1      | Reached skill level 3 in Axes
   216 | D:1      | Reached XP level 2. HP: 19/26 MP: 2/2
   316 | D:1      | Reached skill level 4 in Axes
   642 | D:1      | Found a faded altar of an unknown god.
   642 | D:1      | Noticed a crimson imp
   837 | D:2      | Identified a scroll of acquirement
   837 | D:2      | Acquired the +0 helmet of the Eternal Fruit {Int-2 Dex+10}
   887 | D:2      | Reached XP level 3. HP: 28/31 MP: 3/3
  1095 | D:2      | Found Liontoco's Magic Scroll Shoppe.
  1194 | D:2      | Acquired the amulet of Etodel {Rampage rF+ rN+ Regen+}
  1232 | D:2      | Reached skill level 5 in Axes
  1348 | D:2      | Reached XP level 4. HP: 39/39 MP: 4/4
  1518 | D:2      | Learned a level 2 spell: Wereblood
  1854 | D:3      | Reached skill level 6 in Axes
  1983 | D:3      | Mangled by a gnoll

Illustrated notes

Levels and vault maps discovered:
D:1:      dpeg_arrival_arbitrary_b, layout_basic,
          dreamdust_ecumenical_altar_sealed_demon
D:2:      layout_loops_ring, serial_shops, shop_fountains
D:3:      layout_loops_ring, lemuel_coloured_pillars_altar

Skill      XL: |  1  2  3  4 |
---------------+-------------+-----
Axes           | 3 4 5 6 |  6.3
Fighting       | |  3.6
Armour         | |  3.2
Shields        | |  3.2

Action                   |  1- 3 |  4- 6 || total
-------------------------+-------+-------++-------
Melee: War axe           |    89 |    58 ||   147
  Use: Scroll            |     2 |     6 ||     8
       Potion            |       |     3 ||     3
Armor: Scale mail        |    41 |    29 ||    70
Dodge: Dodged            |    42 |    24 ||    66
Block: Buckler           |    23 |    17 ||    40
